 Dungeon Crawl Stone Soup version 0.15-a0-1309-g3520d71 (webtiles) character file.

527 MrRokkomies the Bolt Thrower (level 7, -2/38 HPs)
             Began as a Kobold Arcane Marksman on June 7, 2014.
             Was an Initiate of Fedhas.
             Slain by a black bear (10 damage)
             ... on Level 4 of the Dungeon.
             The game lasted 00:24:48 (5806 turns).

MrRokkomies the Bolt Thrower (KoAM)                 Turns: 5806, Time: 00:24:48

HP  -2/38        AC  5     Str 10      XL: 7   Next: 47%
MP   9/9         EV 15     Int 13      God: Fedhas [......]
Gold 78          SH  0     Dex 15      Spells:  3 memorised,  2 levels left

rFire  . . .     SeeInvis .     a - +2,+3 quarterstaff (chaos)
rCold  . . .     Clarity  .     g - +1 robe
rNeg   . . .     rCorr    .     (no shield)
rPois  .         rRot     .     (no helmet)
rElec  .         Spirit   .     s - +1 cloak {MR+}
SustAb +         Warding  .     (no gloves)
rMut   .         Stasis   .     (no boots)
Gourm  +                        m - amulet of the gourmand
MR     +....                    (no ring)
                                p - ring of sustain abilities

@: somewhat resistant to hostile enchantments, very unstealthy
A: carnivore 3
a: Renounce Religion


You were on level 4 of the Dungeon.
You worshipped Fedhas.
Fedhas was noncommittal.
You were not hungry.

You visited 2 branches of the dungeon, and saw 5 of its levels.

You collected 78 gold pieces.

Inventory:

Hand weapons
 a - a +2,+3 quarterstaff of chaos (weapon)
 b - a +0,+1 crossbow of flame
 r - a +0,+0 short sword
 t - a +1,+0 crossbow
Missiles
 c - 30 bolts
 i - 15 poisoned needles
Armour
 g - a +1 robe (worn)
 s - a +1 cloak of magic resistance (worn)
Comestibles
 f - 5 meat rations
Scrolls
 h - a scroll of enchant armour
 j - a scroll of noise {unknown}
 v - a scroll of blinking {unknown}
Jewellery
 k - an uncursed amulet of faith
 m - an amulet of the gourmand (around neck)
 p - a ring of sustain abilities (left hand)
Potions
 e - a potion of haste
 n - 2 potions of heal wounds {unknown}
 o - a potion of paralysis {unknown}
 q - 3 potions of brilliance
 u - a potion of invisibility {unknown}
Books
 d - a book of Debilitation

   Spells                             Type                      Level
   *Corona                            Hexes                        1
   *Slow                              Hexes                        2
   *Inner Flame                       Hexes/Fire                   3
   Enslavement                        Hexes                        4
   Cause Fear                         Hexes                        4
   Leda's Liquefaction                Hexes/Earth                  4


   Skills:
 - Level 1.1 Fighting
 + Level 7.2 Crossbows
 - Level 2.4 Dodging
 - Level 1.0 Spellcasting
 + Level 5.6 Hexes


You had 2 spell levels left.
You knew the following spells:

 Your Spells              Type           Power        Failure   Level  Hunger
a - Corona                Hex            ###....      3%          1    ##.....
b - Slow                  Hex            ###.....     6%          2    ###....
c - Inner Flame           Hex/Fire       #.......     28%         3    ####...


Dungeon Overview and Level Annotations

Branches:
Dungeon (4/15)             Temple (1/1) D:4

Altars:
Ashenzari
Cheibriados
Dithmenos
Elyvilon
Fedhas
Gozag
Kikubaaqudgha
Makhleb
Nemelex Xobeh
Sif Muna
Xom
Yredelemnul
Zin
The Shining One


Innate Abilities, Weirdness & Mutations

You are small and have problems with some larger weapons.
You are carnivorous and can eat meat at any time.


Message History

The black bear barely misses you. The black bear claws you.
The black bear closely misses you.
You sock the black bear!
The black bear is severely wounded.
The black bear barely misses you. The black bear claws you.
* * * LOW HITPOINT WARNING * * *
The black bear misses you. x2
The black bear claws you.
* * * LOW HITPOINT WARNING * * *
The black bear barely misses you.
Drink which item? (? for menu, Esc to quit)
Okay, then.
The black bear bites you.
* * * LOW HITPOINT WARNING * * *
The black bear completely misses you. The black bear claws you.
* * * LOW HITPOINT WARNING * * *
Drink which item? (? for menu, Esc to quit)
You feel better. The black bear bites you!
You die...
Fedhas appreciates your contribution to the ecosystem.

#.# ###### #.#
#..... ##.####
###### ##.....## #
##.......## #
#...###...## #
#..##%##...## ######
#..#%..##...###.....
#..@h...##......####
#################


You could see a black bear (berserk).

Vanquished Creatures
  An ogre (D:4)
  Crazy Yiuf (D:4)
  2 worker ants (D:4)
  An iguana (D:4)
  An ogre skeleton (D:4)
  A worker ant zombie (D:3)
  11 adders
  8 gnolls
  A giant mite (D:1)
  An inept feature mimic (D:3)
  A worm (D:2)
  2 giant geckos (D:1)
  2 oozes (D:1)
  3 orcs
  8 giant cockroaches
  16 goblins
  10 hobgoblins
  14 jackals
  11 kobolds
  3 quokkas
  6 bats
  7 giant newts
  A goblin skeleton (D:4)
  An orc skeleton (D:4)
  14 rats
127 creatures vanquished.

Notes
Turn   | Place    | Note
--------------------------------------------------------------
     0 | D:1      | MrRokkomies, the Kobold Arcane Marksman, began the quest for the Orb.
     0 | D:1      | Reached XP level 1. HP: 12/12 MP: 2/2
    14 | D:1      | Reached XP level 2. HP: 14/16 MP: 1/3
   476 | D:1      | Reached XP level 3. HP: 17/20 MP: 4/4
   507 | D:1      | Reached skill level 4 in Hexes
  1328 | D:1      | Reached XP level 4. HP: 13/25 MP: 5/5
  1589 | D:1      | Learned a level 2 spell: Slow
  2004 | D:2      | Reached XP level 5. HP: 10/29 MP: 4/7
  3036 | D:2      | Learned a level 3 spell: Inner Flame
  3052 | D:2      | Reached skill level 5 in Hexes
  3359 | D:3      | Reached XP level 6. HP: 9/34 MP: 8/8
  3623 | D:3      | Reached skill level 5 in Crossbows
  4203 | D:4      | Found a basalt altar of Yredelemnul.
  4228 | D:4      | Found an opulent altar of Gozag.
  4465 | D:4      | Found a white marble altar of Elyvilon.
  4520 | D:4      | Reached skill level 6 in Crossbows
  4903 | D:4      | Reached XP level 7. HP: 29/38 MP: 5/9
  4992 | D:4      | Noticed Crazy Yiuf
  5008 | D:4      | Killed Crazy Yiuf
  5239 | D:4      | Reached skill level 7 in Crossbows
  5464 | D:4      | Found a staircase to the Ecumenical Temple.
  5474 | Temple   | Entered the Ecumenical Temple
  5514 | Temple   | Became a worshipper of Fedhas Madash
  5798 | D:4      | Noticed a black bear
  5805 | D:4      | HP: 1/38 [black bear (3)]
  5806 | D:4      | Slain by a black bear

Action                   |  1- 3 |  4- 6 |  7- 9 || total
-------------------------+-------+-------+-------++-------
Melee: Short sword       |    89 |   257 |     2 ||   348
       Dagger            |     9 |       |       ||     9
       Quarterstaff      |       |       |    25 ||    25
 Fire: Crossbow          |    25 |    99 |    10 ||   134
 Cast: Corona            |     6 |     9 |       ||    15
       Slow              |       |    11 |     3 ||    14
       Inner Flame       |       |     2 |       ||     2
  Use: Potion            |     1 |     5 |     1 ||     7
       Scroll            |       |     8 |     1 ||     9
 Stab: Sleeping          |       |     1 |       ||     1
